 Dungeon Crawl Stone Soup version 0.28-a0-779-g3d1f99b579 (webtiles) character file.

Game seed: 16047002172234311122

137 cheechan the Bolt Thrower (level 5, -1/36 HPs)
             Began as an Octopode Hunter on Nov 2, 2021.
             Succumbed to an adder's poison
             ... in a sewer.
             The game lasted 00:08:10 (1942 turns).

cheechan the Bolt Thrower (Octopode Hunter)         Turns: 1942, Time: 00:08:10

Health: -1/36      AC:  1    Str: 11    XL:     5   Next: 20%
Magic:  5/5        EV: 13    Int: 13    God:
Gold:   15         SH:  0    Dex: 14    Spells: 1/4 levels left

rFire   . . .      SeeInvis .   b - +1 mace (drain)
rCold   . . .      Faith    .   (no shield)
rNeg    + . .      Spirit   .   (helmet restricted)
rPois   .          Reflect  .   (no amulet)
rElec   .          Harm     .   d - ring of positive energy
rCorr   .          Rampage  .   h - ring of willpower
Will    +....                   (no ring)
Stlth   +++.......              (no ring)
HPRegen 0.12/turn               (no ring)
MPRegen 0.09/turn               (no ring)
                                (no ring)
                                (no ring)

@: lethally poisoned (-1 -> -4)
A: almost no armour, amphibious, 8 rings, camouflage 1, gelatinous body 1,
(nimble swimmer 1), tentacles
a: no special abilities


You were in a sewer.
You visited 1 branch of the dungeon, and saw 3 of its levels.
You also visited: Sewer.

You collected 15 gold pieces.

Inventory:

Hand Weapons
 a - a +1 hand crossbow
 b - a +1 mace of draining (weapon)
 i - a +0 hand axe
Missiles
 c - 8 bolts
 f - 8 sling bullets
 g - 71 arrows
 j - 19 poisoned darts (quivered)
Jewellery
 d - a ring of positive energy (left tentacle)
 h - a ring of willpower (right tentacle)
Scrolls
 e - 3 scrolls of identify


   Skills:
 + Level 2.8 Fighting
 + Level 5.4 Crossbows
 + Level 2.2 Dodging
 * Level 3.0 Stealth


You had one spell level left.
You knew the following spells:

 Your Spells              Type           Power      Damage    Failure   Level
a - Dazzling Flash        Conj/Hex       0%         N/A       67%         3

Your spell library contained the following spells:

 Spells                   Type           Power      Damage    Failure   Level
 Stone Arrow              Conj/Erth      0%         3d7       67%         3
 Agony                    Necr           0%         N/A       100%        5
 Silence                  Hex/Air        0%         N/A       100%        5
 Lehudib's Crystal Spear  Conj/Erth      0%         10d2      100%        8
 Animate Armour           Summ/Erth      Unusable   N/A       N/A         4

Dungeon Overview and Level Annotations

Branches:
Dungeon (3/15)              Sewer (1/1)

Altars:


Innate Abilities, Weirdness & Mutations

You cannot wear most types of armour.
You are amphibious.
You can wear up to eight rings at the same time.
Your skin changes colour to match your surroundings (Stealth+).
Your rubbery body absorbs attacks. (AC +1, EV +1)
((You are camouflaged near water. (Stealth+)))
You have tentacles for arms and can constrict up to eight enemies at once.


Message History

The adder is lightly wounded.
You feel sick.
You are no longer poisoned.
The adder barely misses you. The adder bites you.
You closely miss the adder. Your grab misses the adder.
Your squeeze misses the adder.
The adder is lightly wounded.
The adder closely misses you. The adder bites you.
* * * LOW HITPOINT WARNING * * *
You miss the adder. Your grab misses the adder.
The adder is lightly wounded.
The adder bites you.
* * * LOW HITPOINT WARNING * * *
You are poisoned.
The adder poisons you!
You aren't carrying any potions.
Okay, then.
You miss the adder. Your grab misses the adder.
The adder is lightly wounded.
* * * LOW HITPOINT WARNING * * *
You feel sick. The adder misses you. The adder barely misses you.
You hit the adder. You drain the adder. Your grab misses the adder.
The adder is moderately wounded.
You feel sick. The adder bites you.
* * * LOW HITPOINT WARNING * * *
You are lethally poisoned!
The adder poisons you! The adder bites you but does no damage.
You hit the adder. You grab the adder.
The adder is heavily wounded.
You constrict the adder.
* * * LOW HITPOINT WARNING * * *
You feel sick. The adder closely misses you. The adder barely misses you.
You barely miss the adder. You squeeze the adder.
You kill the adder!
* * * LOW HITPOINT WARNING * * *
You feel sick. The frilled lizard barely misses you.
Your Stealth skill increases to level 3!
You hit the frilled lizard.
You kill the frilled lizard!
You die...

≈ ≈≈ ≈≈≈
≈≈≈.########
≈≈≈≈≈≈≈≈≈≈.########
≈≈B≈≈≈≈≈≈≈≈B.@∩.∩.#
≈≈≈.≈≈≈....########
..l.######## ###


You could see a giant cockroach.

Vanquished Creatures
  An orc wizard (D:2)
  3 adders
  A gnoll (D:1)
  A worm (D:2)
  2 dart slugs
  7 orcs
  4 bats
  3 endoplasms
  6 giant cockroaches
  2 goblins (D:2)
  5 hobgoblins
  6 kobolds
  4 quokkas
  6 ball pythons
  5 frilled lizards
  6 rats
62 creatures vanquished.

Notes
Turn   | Place    | Note
-------+----------+-------------------------------------------
     0 | D:1      | cheechan the Octopode Hunter began the quest for the Orb.
     0 | D:1      | Reached XP level 1. HP: 14/14 MP: 1/1
   130 | D:1      | Reached XP level 2. HP: 19/19 MP: 2/2
   410 | D:1      | Reached XP level 3. HP: 21/24 MP: 3/3
   998 | D:2      | HP: 1/24 [something (4)]
  1000 | D:2      | Reached skill level 5 in Crossbows
  1000 | D:2      | Reached XP level 4. HP: 2/30 MP: 4/4
  1548 | D:2      | Found a faded altar of an unknown god.
  1628 | D:2      | Reached XP level 5. HP: 14/35 MP: 5/5
  1843 | D:3      | Learned a level 3 spell: Dazzling Flash
  1893 | D:3      | Found a glowing drain.
  1918 | Sewer    | Entered a sewer
  1941 | Sewer    | HP: 1/36 [poisoned by an adder]
  1942 | Sewer    | Succumbed to an adder's poison

Illustrated notes

Levels and vault maps discovered:
D:1:      eino_arrival_druids_welcome, layout_basic
D:2:      layout_basic, dreamdust_ecumenical_altar_grove,
          corexii_item_surrounded_by_moat
D:3:      layout_basic, cheibrodos_sewer_entry_drain, minivault_11,
          uniq_crazy_yiuf_cottage
Sewer:    sewer_frog_island_01

Skill      XL: |  1  2  3  4  5 |
---------------+----------------+-----
Stealth        | 2 3 |  3.0
Crossbows      | 5 |  5.4
Fighting       | |  2.8
Dodging        | |  2.2

Action                   |  1- 3 |  4- 6 || total
-------------------------+-------+-------++-------
Melee: Hand crossbow     |     2 |       ||     2
       Tentacles         |     1 |     7 ||     8
       Mace              |       |    51 ||    51
       Constrict         |       |    18 ||    18
 Fire: Hand crossbow     |    77 |       ||    77
  Use: Scroll            |     3 |       ||     3
 Stab: Sleeping          |       |     1 ||     1
Armor: Skin              |     4 |     5 ||     9
Dodge: Dodged            |    16 |    56 ||    72

Table legend: (Time is in decaauts)
 A = Elapsed time spent in this place.
 B = Non-inter-level travel time spent in this place.
 C = Inter-level travel time spent in this place.
 D = Time resting spent in this place.
 E = Time spent auto-exploring this place.
 F = Levels seen in this place.
 G = Mean time per level.
                   A        B        C        D        E       F      G
               +--------+--------+--------+--------+--------+-----+--------+
         Total |   1981 |   1981 |      0 |    385 |      0 |   4 |  495.2 |
       Dungeon |   1954 |   1954 |      0 |    385 |      0 |   3 |  651.3 |
         Sewer |     26 |     26 |      0 |      0 |      0 |   1 |   26.0 |
               +--------+--------+--------+--------+--------+-----+--------+

Top non-repeatable levels by time:
     D:2: 1215 daAuts
     D:1: 599 daAuts
     D:3: 138 daAuts
   Sewer: 26 daAuts
